[Event "Titled Tuesday Blitz April 12 Early 2022"]
[White "Dilanyan, Grigor"]
[Black "Kazakouski, Valery"]
[WhiteFideId "13303570"]
[BlackFideId "13507443"]
[WhiteElo "2279"]
[BlackElo "2524"]
[Result "1/2-1/2"]
[Round "03"]
[TimeControl "180+1"]
[Date "2022.04.12"]
[WhiteClock "0:00:11"]
[BlackClock "0:00:18"]

1. e4 c5 2. Nf3 a6 3. c3 d5 4. exd5 Qxd5 5. d4 Bg4 6. Be2 Nf6 7. O-O e6 8. h3 Bh5 9. Be3 cxd4 10. cxd4 Nc6 11. Nc3 Qd6 12. Qb3 Qb4 13. Qc2 Be7 14. a3 Qd6 15. Rad1 O-O 16. Ne4 Nxe4 17. Qxe4 Bg6 18. Qg4 Rfd8 19. h4 Bf6 20. Bc4 Ne7 21. Bg5 Bf5 22. Qf4 Qxf4 23. Bxf4 Bg4 24. Be2 Bxh4 25. Rfe1 Bf6 26. Bc7 Rd7 27. Ba5 Nc6 28. Bb6 h5 29. b4 Rc8 30. Rc1 Ne7 31. Rxc8+ Nxc8 32. Bc5 Bxf3 33. gxf3 Bxd4 34. Rd1 e5 35. f4 b6 36. Bxd4 exd4 37. Bxa6 Ne7 38. Be2 g6 39. a4 Kf8 40. a5 bxa5 41. bxa5 Rd6 42. a6 Nc6 43. Rc1 d3 44. Bxd3 Rxd3 45. Rxc6 Ra3 46. f5 g5 47. Kf1 Ra2 48. Rh6 h4 49. Rh5 Rxa6 50. Rxg5 Ra4 51. Kg2 Ke7 52. Rh5 Kf6 53. Kh3 Rf4 54. Rxh4 Rxf2 55. Rh5 Rxf5 56. Rh6+ Kg5 57. Ra6 Rf2 58. Kg3 Rb2 59. Ra5+ f5 60. Rc5 Rb3+ 61. Kf2 Kg4 62. Rc2 Rh3 63. Kg2 Rg3+ 64. Kf2 Rf3+ 65. Kg2 Re3 66. Kf2 Kf4 67. Rc4+ Re4 68. Rc3 Ke5 69. Rc5+ Kf4 70. Rc3 Rd4 71. Rf3+ Ke5 72. Ra3 Re4 73. Kf3 Rf4+ 74. Kg3 Rg4+ 75. Kf3 Rb4 76. Ra5+ Kf6 77. Ra8 Rb3+ 78. Kf4 Rb4+ 79. Kf3 Kf7 80. Ra7+ Ke6 81. Ra6+ Ke5 82. Ra5+ Kf6 83. Ra6+ Kg5 84. Ra3 Rh4 85. Kg3 f4+ 86. Kg2 Kg4 87. Kf2 Rh2+ 88. Kg1 Rb2 89. Rc3 Re2 90. Rb3 Re3 91. Rb2 Kf3 92. Kf1 Rd3 93. Rf2+ Ke4 94. Re2+ Re3 95. Rb2 Ra3 96. Kf2 Rh3 97. Rb4+ Kf5 98. Kg2 Rg3+ 99. Kf2 Kg4 100. Rb8 Rf3+ 101. Kg2 Rg3+ 102. Kf2 Rc3 103. Rg8+ Kf5 104. Rf8+ Kg5 105. Rg8+ Kf6 106. Rf8+ Ke5 107. Re8+ Kf5 108. Rf8+ Ke4 109. Re8+ Kf5 110. Rf8+ 1/2-1/2


[Site "https://www.chess.com"]

[Event "Titled Tuesday Blitz April 12 Early 2022"]
[White "Djokic, Mihailo"]
[Black "Samaganova, Aleksandra"]
[WhiteFideId "976440"]
[BlackFideId "13800221"]
[WhiteElo "2202"]
[BlackElo "1859"]
[Result "0-1"]
[Round "03"]
[TimeControl "180+1"]
[Date "2022.04.13"]
[WhiteClock "0:00:30"]
[BlackClock "0:00:07"]

1. e4 c5 2. Nf3 e6 3. d4 cxd4 4. Nxd4 a6 5. Be2 Qc7 6. O-O Nf6 7. Nc3 Nc6 8. Be3 b5 9. Nxc6 dxc6 10. f4 Be7 11. e5 Nd5 12. Nxd5 cxd5 13. c3 O-O 14. Bd4 b4 15. Rc1 bxc3 16. Rxc3 Qb7 17. Rb3 Qd7 18. Bd3 g6 19. Qe2 Bb7 20. Rc1 Rfc8 21. Rbc3 Rxc3 22. Rxc3 Rc8 23. Rxc8+ Qxc8 24. Qc2 Qd7 25. Qb3 Bd8 26. g3 a5 27. Bb5 Qc7 28. Qc3 h5 29. Qxc7 Bxc7 30. a4 Kg7 31. Kf2 Bd8 32. Ke3 Be7 33. Bb6 Bb4 34. Kd4 Bc8 35. h3 Be1 36. g4 Bf2+ 37. Kd3 Bxb6 38. Ke2 hxg4 39. hxg4 g5 40. fxg5 Bd4 41. b3 Bxe5 42. Kf3 Bb7 43. Ke3 Bc3 44. Kd3 Bb4 0-1


[Site "https://www.chess.com"]

[Event "Titled Tuesday Blitz April 12 Early 2022"]
[White "Domingo Nunez, Alejandro"]
[Black "Abdrlauf, Elham"]
[WhiteFideId "22245561"]
[BlackFideId "1533533"]
[WhiteElo "2215"]
[BlackElo "2334"]
[Result "0-1"]
[Round "03"]
[TimeControl "180+1"]
[Date "2022.04.12"]
[WhiteClock "0:00:20"]
[BlackClock "0:02:03"]

1. c4 e5 2. Nc3 Nf6 3. g3 c6 4. Bg2 d5 5. cxd5 cxd5 6. d4 e4 7. Qb3 Nc6 8. e3 Be7 9. Nge2 O-O 10. Nf4 Na5 11. Qa4 Bd7 12. Qd1 Bg4 13. f3 exf3 14. Bxf3 Bxf3 15. Qxf3 Bb4 16. Bd2 Nc4 17. Bc1 Ne4 18. O-O Bxc3 19. bxc3 Nxc3 20. Rf2 Ne4 21. Rc2 Rc8 22. Qe2 Re8 23. Rb1 b6 24. Rb5 Nf6 25. Nxd5 Nxd5 26. Rxc4 Nc3 27. Rxc3 Rxc3 28. Bd2 Rc2 29. Rf5 Qxd4 30. Rf2 Qe4 31. Qh5 g6 32. Qb5 Rxa2 33. Qb3 Ra1+ 34. Rf1 Rxf1+ 35. Kxf1 Rd8 36. Ke2 Qg2+ 0-1


[Site "https://www.chess.com"]

[Event "Titled Tuesday Blitz April 12 Early 2022"]
[White "Dubov, Daniil"]
[Black "Ahmadzada, Ahmad"]
[WhiteFideId "24126055"]
[BlackFideId "13413007"]
[WhiteElo "2791"]
[BlackElo "2228"]
[Result "1-0"]
[Round "03"]
[TimeControl "180+1"]
[Date "2022.04.12"]
[WhiteClock "0:01:00"]
[BlackClock "0:00:07"]

1. d4 Nf6 2. Nf3 e6 3. c4 b6 4. g3 Bb7 5. Bg2 g6 6. Nc3 Ne4 7. d5 Nxc3 8. Qd4 f6 9. Qxc3 Bg7 10. O-O e5 11. e4 d6 12. b4 a5 13. a3 Nd7 14. Be3 O-O 15. c5 axb4 16. axb4 Rxa1 17. Rxa1 bxc5 18. bxc5 Nxc5 19. Bxc5 dxc5 20. Ra7 Qb8 21. Qxc5 Qc8 22. Bf1 h6 23. Nh4 Kh7 24. Qb4 Ba8 25. Qe7 Bb7 26. Bh3 Qxh3 27. Rxb7 Ra8 28. Rb1 Qg4 29. Re1 Ra4 30. Kg2 Rc4 31. h3 Qg5 32. Nf3 Qh5 33. g4 1-0


[Site "https://www.chess.com"]

[Event "Titled Tuesday Blitz April 12 Early 2022"]
[White "Dwilewicz, Katarzyna"]
[Black "Mickiewicz, Piotr"]
[WhiteFideId "1148486"]
[BlackFideId "1114891"]
[WhiteElo "1907"]
[BlackElo "2266"]
[Result "0-1"]
[Round "03"]
[TimeControl "180+1"]
[Date "2022.04.13"]
[WhiteClock "0:00:03"]
[BlackClock "0:00:28"]

1. e4 c5 2. Nf3 e6 3. d4 cxd4 4. Nxd4 Nf6 5. Nc3 d6 6. g3 Nc6 7. Bg2 Bd7 8. O-O Be7 9. Re1 O-O 10. Ndb5 Qb8 11. Bf4 Ne5 12. h3 a6 13. Nd4 b5 14. Bg5 b4 15. Nce2 Qb6 16. b3 Rfc8 17. Be3 Qc7 18. f4 Ng6 19. Qd2 a5 20. f5 Ne5 21. Nf4 exf5 22. Nxf5 Bf8 23. Re2 Bc6 24. Bd4 Qb7 25. Rae1 g6 26. Bxe5 dxe5 27. Nd6 Qb6+ 28. Kh2 Rd8 29. Nc4 Rxd2 30. Nxb6 Rxe2 31. Nxe2 Rd8 32. Nc4 Bxe4 33. Bxe4 Nxe4 34. Nxa5 Rd2 35. Kg1 Rxc2 36. Nc4 Bc5+ 37. Kf1 f6 38. Nc1 Nxg3# 0-1


[Site "https://www.chess.com"]

[Event "Titled Tuesday Blitz April 12 Early 2022"]
[White "Estrada Nieto, Julian"]
[Black "Zavgorodniy, Sergiy"]
[WhiteFideId "5101018"]
[BlackFideId "14110148"]
[WhiteElo "2252"]
[BlackElo "2420"]
[Result "0-1"]
[Round "03"]
[TimeControl "180+1"]
[Date "2022.04.13"]
[WhiteClock "0:00:01"]
[BlackClock "0:00:13"]

1. e4 e5 2. Nf3 d6 3. d4 exd4 4. Nxd4 Nf6 5. Nc3 Be7 6. g3 Bg4 7. f3 Bd7 8. Bg2 c5 9. Nde2 Bc6 10. O-O b5 11. Nf4 Nbd7 12. g4 h6 13. Ncd5 Nb6 14. Nxe7 Qxe7 15. b3 Qe5 16. Rb1 O-O 17. Nd3 Qe7 18. g5 hxg5 19. Bxg5 Qe6 20. Qe1 Nh7 21. Be3 Rfe8 22. Qg3 Nf6 23. Rbe1 Nh5 24. Qh4 g6 25. Bf2 Qf6 26. Qxf6 Nxf6 27. e5 dxe5 28. Nxe5 Bd5 29. Bxc5 Rac8 30. b4 Bxa2 31. f4 Be6 32. Ra1 Na4 33. Bd6 Rxc2 34. Rac1 Rec8 35. Rxc2 Rxc2 36. f5 Bxf5 37. Nf3 Nd5 38. Be5 Rxg2+ 39. Kxg2 Ne3+ 40. Kf2 Nxf1 41. Kxf1 Bd3+ 42. Kf2 a6 43. Ke3 Bc4 44. Kd4 Nb6 45. Kc5 Nd5 46. Kd6 f6 47. Bd4 Kf7 48. Bc5 g5 49. Kc6 g4 50. Nd4 Kg6 51. Kb7 f5 52. Kxa6 f4 53. Kb7 f3 54. Ne6 Kf5 55. Ng7+ Ke4 56. Nh5 Kd3 57. Ng3 Kc3 58. Kc6 Nxb4+ 59. Kd6 Nd3 60. Bb6 b4 61. Nf5 f2 62. Ne3 b3 0-1


[Site "https://www.chess.com"]

[Event "Titled Tuesday Blitz April 12 Early 2022"]
[White "Eynullayev, Atilla"]
[Black "Zanette, Edgard Vinicius"]
[WhiteFideId "13413570"]
[BlackFideId "2109263"]
[WhiteElo "1936"]
[BlackElo "2182"]
[Result "1-0"]
[Round "03"]
[TimeControl "180+1"]
[Date "2022.04.13"]
[WhiteClock "0:01:05"]
[BlackClock "0:00:14"]

1. e4 c5 2. Nf3 d6 3. d4 cxd4 4. Nxd4 Nf6 5. Nc3 a6 6. Be2 e5 7. Nb3 Be6 8. Be3 Be7 9. Nd5 Nxd5 10. exd5 Bf5 11. O-O O-O 12. Qd2 Nd7 13. Na5 Qc7 14. c4 Bg6 15. b4 f5 16. f3 Rac8 17. Rfc1 f4 18. Bf2 e4 19. fxe4 Bxe4 20. Bg4 Bf6 21. Bd4 Ne5 22. Bxc8 Qxc8 23. Re1 Bg6 24. Rf1 f3 25. Bxe5 Bxe5 26. Rae1 fxg2 27. Qxg2 Bf5 28. c5 Rd8 29. Nxb7 Bh3 30. Qg5 Bxf1 31. Qxd8+ Qxd8 32. Nxd8 Bc4 33. Rxe5 dxe5 34. c6 1-0


[Site "https://www.chess.com"]

[Event "Titled Tuesday Blitz April 12 Early 2022"]
[White "Fathy, Elameir"]
[Black "Kalavannan, Koby"]
[WhiteFideId "10600396"]
[BlackFideId "425753"]
[WhiteElo "2311"]
[BlackElo "1927"]
[Result "1-0"]
[Round "03"]
[TimeControl "180+1"]
[Date "2022.04.13"]
[WhiteClock "0:00:09"]
[BlackClock "0:00:06"]

1. d4 Nf6 2. c4 g6 3. Nc3 Bg7 4. e4 d6 5. Nf3 O-O 6. Be2 e5 7. d5 c6 8. Be3 cxd5 9. cxd5 Ng4 10. Bg5 Qb6 11. O-O h6 12. Bd2 f5 13. Nh4 Kh7 14. exf5 gxf5 15. Qc2 h5 16. h3 Nh6 17. Bxh5 e4 18. Rac1 Nd7 19. Bg6+ Kg8 20. Bxh6 Bxh6 21. Bxf5 Nf6 22. Bxc8 Raxc8 23. Rce1 Rfe8 24. Nf5 Bf4 25. g3 Be5 26. Kh2 Kf7 27. Qd2 Rh8 28. Nxe4 Rh5 29. Nxf6 Bxf6 30. g4 Rh7 31. f4 Rch8 32. Rf3 Rc8 33. b3 Rg8 34. Qe2 Qd8 35. Qe6+ Kg6 36. g5 Rh5 37. gxf6 Kh7 38. Ng3 Rh6 39. Qe7+ Kh8 40. Qxd8 Rxd8 41. Ne4 Re8 42. Rfe3 Rh4 43. Ng5 Rf8 44. Re7 Rxf6 45. Re8+ Kg7 46. R1e7+ Kg6 47. Ne6 Kf5 48. Nd4+ Kxf4 49. Re4+ Kg5 50. Rg8+ Kh5 51. Rxh4+ Kxh4 52. Rg4+ Kh5 53. Kg3 Rf1 54. Nf3 Ra1 55. Ra4 a6 56. Rb4 Rxa2 57. Rxb7 Ra5 58. Rb6 Rxd5 59. Rxa6 Rd3 60. Rb6 d5 61. Rb8 Kg6 62. b4 Kf5 63. b5 Ke4 64. Re8+ Kf5 65. Rf8+ Ke6 66. Kf4 Kd6 67. Rb8 Kc5 68. h4 Rd1 69. h5 Rh1 70. Kg5 Rh3 71. Kg4 Rh1 72. Kg5 Rh3 73. Ne5 d4 74. h6 Kd5 75. Ng4 d3 76. Rd8+ Kc4 77. Ne5+ Kxb5 78. Rxd3 Rh1 79. Rd7 Rg1+ 80. Ng4 Rh1 81. h7 Kc6 82. Rg7 Kd6 83. Nf6 Rg1+ 84. Kh6 Rh1+ 85. Nh5 Ke6 86. h8=Q Rxh5+ 87. Kxh5 Kf5 88. Qf8+ Ke4 89. Re7+ Kd5 90. Qd8+ Kc4 91. Rc7+ Kb5 92. Qb8+ Ka4 93. Ra7# 1-0


[Site "https://www.chess.com"]

[Event "Titled Tuesday Blitz April 12 Early 2022"]
[White "Fernandez Siles, Luis"]
[Black "Myshakov, Fyodor"]
[WhiteFideId "2209420"]
[BlackFideId "14111284"]
[WhiteElo "2212"]
[BlackElo "2310"]
[Result "0-1"]
[Round "03"]
[TimeControl "180+1"]
[Date "2022.04.13"]
[WhiteClock "0:01:28"]
[BlackClock "0:02:00"]

1. e4 c6 2. d4 d5 3. e5 Bf5 4. h4 h5 5. Bd3 Bxd3 6. Qxd3 e6 7. Bg5 Be7 8. Nf3 Nd7 9. Nbd2 Qb6 10. b3 O-O-O 11. c4 f6 12. exf6 gxf6 13. Bf4 e5 14. dxe5 fxe5 15. Nxe5 Bf6 16. Ndf3 Qb4+ 17. Kf1 Ne7 18. Re1 dxc4 19. bxc4 Nxe5 20. Qe4 Qxc4+ 21. Qxc4 Nxc4 22. Ng5 Nd5 23. Bc1 Rde8 24. Rxe8+ Rxe8 0-1


[Site "https://www.chess.com"]

[Event "Titled Tuesday Blitz April 12 Early 2022"]
[White "Ferreira, Vitor Hugo Vieira"]
[Black "Broca Jimenez, Fernando"]
[WhiteFideId "2119765"]
[BlackFideId "5104742"]
[WhiteElo "2165"]
[BlackElo "2062"]
[Result "1-0"]
[Round "03"]
[TimeControl "180+1"]
[Date "2022.04.13"]
[WhiteClock "0:01:20"]
[BlackClock "0:00:15"]

1. d4 Nf6 2. c4 e6 3. Nf3 b6 4. g3 Ba6 5. b3 d5 6. Bg2 Be7 7. O-O O-O 8. Nbd2 Nbd7 9. Bb2 Rc8 10. Re1 Ne4 11. Rc1 f5 12. Ne5 Nxe5 13. dxe5 c6 14. Nxe4 dxe4 15. f3 Bb4 16. Qxd8 Rfxd8 17. Red1 Bd2 18. Rb1 e3 19. Bc1 Rd7 20. Bxd2 Rcd8 21. Rb2 Rxd2 22. Rdb1 Rxb2 23. Rxb2 Rd2 24. Rb1 Rxe2 25. Bf1 Rxa2 26. c5 e2 27. Bg2 Rd2 28. Re1 Rd1 29. Kf2 Rxe1 30. Kxe1 bxc5 31. f4 Kf7 32. Bxc6 Ke7 33. Bf3 Kd8 34. Bxe2 Bxe2 35. Kxe2 Kc7 36. Kd3 Kb6 37. Kc4 a5 38. h3 h5 39. Kd3 Kb5 40. Kc3 g6 41. h4 c4 42. bxc4+ Kc5 43. Kd3 a4 44. Kc3 a3 45. Kb3 a2 46. Kxa2 Kxc4 47. Ka3 Kd4 48. Kb4 Ke3 49. Kc5 Kf3 50. Kd6 Kxg3 51. Kxe6 Kxh4 52. Kf6 Kg4 53. e6 h4 54. e7 h3 55. e8=Q h2 56. Qe1 Kxf4 57. Qf2+ Kg4 58. Qxh2 f4 59. Kxg6 f3 60. Qg1+ Kf4 61. Qf2 Ke4 62. Kg5 Kd3 63. Kf4 1-0


[Site "https://www.chess.com"]

[Event "Titled Tuesday Blitz April 12 Early 2022"]
[White "Garv Gaur"]
[Black "Maltsevskaya, Aleksandra"]
[WhiteFideId "45030839"]
[BlackFideId "24174041"]
[WhiteElo "1950"]
[BlackElo "2235"]
[Result "0-1"]
[Round "03"]
[TimeControl "180+1"]
[Date "2022.04.13"]
[WhiteClock "0:01:13"]
[BlackClock "0:02:21"]

1. d4 Nf6 2. Nf3 g6 3. c4 d6 4. g3 Bg7 5. Bg2 O-O 6. O-O Nbd7 7. Nc3 e5 8. e4 exd4 9. Nxd4 Nc5 10. h3 Re8 11. Re1 Bd7 12. Bf4 h6 13. e5 Nh5 14. exd6 Rxe1+ 15. Qxe1 Nxf4 16. dxc7 Qc8 17. Ndb5 Nxg2 18. Kxg2 a6 19. Qe7 Bf8 20. Qe5 axb5 21. Nd5 Bc6 22. Kh2 Bxd5 23. cxd5 Qd7 24. b4 Nd3 25. Qd4 Nxb4 26. Rc1 Rc8 0-1


[Site "https://www.chess.com"]

[Event "Titled Tuesday Blitz April 12 Early 2022"]
[White "Gharibyan, Mamikon"]
[Black "Kosakowski, Jakub"]
[WhiteFideId "13308300"]
[BlackFideId "1185080"]
[WhiteElo "2254"]
[BlackElo "2454"]
[Result "1-0"]
[Round "03"]
[TimeControl "180+1"]
[Date "2022.04.12"]
[WhiteClock "0:00:09"]
[BlackClock "0:00:10"]

1. c4 e5 2. Nc3 Nf6 3. g3 d5 4. cxd5 Nxd5 5. Bg2 Nb6 6. d3 Be7 7. Be3 Nc6 8. Bxc6+ bxc6 9. Nf3 f6 10. Rc1 Nd5 11. Bd2 Bh3 12. Qa4 Qd7 13. Ne4 Bg2 14. Rg1 Bxf3 15. exf3 f5 16. Nc5 Bxc5 17. Rxc5 Ne7 18. Rxe5 O-O 19. Qc4+ Nd5 20. Kf1 f4 21. Kg2 fxg3 22. hxg3 Qf7 23. Qe4 Rad8 24. Re1 Nf6 25. Qxc6 Rxd3 26. Bb4 Rb8 27. Bc3 Nd5 28. f4 h6 29. Qe6 Qxe6 30. Rxe6 Nxc3 31. bxc3 Rxc3 32. Re7 Rc2 33. Rd7 Rbb2 34. Kh3 Rxf2 35. Ree7 Rxa2 36. Rxg7+ Kf8 37. Rdf7+ Ke8 38. Rxc7 Kf8 39. Rgf7+ Kg8 40. Rfd7 Rh2+ 41. Kg4 h5+ 42. Kg5 Ra5+ 43. f5 1-0


[Site "https://www.chess.com"]

[Event "Titled Tuesday Blitz April 12 Early 2022"]
[White "Girinath, P.D.S."]
[Black "Vianello, Enrico"]
[WhiteFideId "5000572"]
[BlackFideId "810738"]
[WhiteElo "2369"]
[BlackElo "2277"]
[Result "1-0"]
[Round "03"]
[TimeControl "180+1"]
[Date "2022.04.13"]
[WhiteClock "0:00:21"]
[BlackClock "0:00:08"]

1. e4 d6 2. d4 Nf6 3. Nc3 e5 4. Nge2 Nbd7 5. h3 exd4 6. Nxd4 g6 7. g4 Bg7 8. Bg2 O-O 9. O-O Re8 10. Re1 a5 11. a4 Nc5 12. Ndb5 Bd7 13. Bf4 Bc6 14. f3 Nfd7 15. Qd2 Nb6 16. b3 Qd7 17. Rad1 Rad8 18. Bg5 Rc8 19. Na7 Ra8 20. Nxc6 bxc6 21. Be3 Na6 22. Bd4 Nb4 23. Bxg7 Kxg7 24. f4 Qe7 25. Kh1 Kg8 26. g5 Qf8 27. Ne2 Qg7 28. c3 Na6 29. Nd4 c5 30. Nb5 Re7 31. e5 Rd8 32. exd6 Rxe1+ 33. Qxe1 cxd6 34. Rxd6 Rxd6 35. Nxd6 Qf8 36. Ne8 h6 37. Nf6+ Kh8 38. Qe5 1-0


[Site "https://www.chess.com"]

[Event "Titled Tuesday Blitz April 12 Early 2022"]
[White "Golubeva, Oksana"]
[Black "Gu, Xiaobing"]
[WhiteFideId "4170164"]
[BlackFideId "8602611"]
[WhiteElo "2162"]
[BlackElo "2174"]
[Result "1-0"]
[Round "03"]
[TimeControl "180+1"]
[Date "2022.04.13"]
[WhiteClock "0:01:41"]
[BlackClock "0:00:43"]

1. Nf3 Nf6 2. e3 g6 3. d4 Bg7 4. b3 d6 5. Bb2 O-O 6. Nbd2 Nbd7 7. Nc4 Nb6 8. Be2 Nxc4 9. bxc4 c5 10. Rb1 Qa5+ 11. Qd2 Qxa2 12. O-O Ne4 13. Qd3 Bf5 14. Qd1 Rac8 15. Nh4 Bd7 16. Bd3 Nf6 17. Qd2 cxd4 18. exd4 d5 19. c5 Ne4 20. Qb4 Qa4 21. Qe1 Bxd4 22. Ra1 Bxb2 23. Rxa4 Bxa4 24. Bxe4 dxe4 25. Qxe4 Bc6 26. Qxe7 Rfe8 27. Qg5 Re5 28. Qg4 Rd8 29. Nf3 Rxc5 30. Qh4 Bxf3 31. Qxd8+ Kg7 32. gxf3 Bf6 33. Qd3 Rg5+ 34. Kh1 Be5 35. Qe4 Rh5 36. f4 Bc7 37. Rd1 Rh4 38. Rd4 Bxf4 39. Qxf4 1-0


[Site "https://www.chess.com"]

[Event "Titled Tuesday Blitz April 12 Early 2022"]
[White "Grave, Jacob Templen"]
[Black "Lagumina, Giulio"]
[WhiteFideId "1542656"]
[BlackFideId "800619"]
[WhiteElo "1737"]
[BlackElo "2277"]
[Result "1-0"]
[Round "03"]
[TimeControl "180+1"]
[Date "2022.04.13"]
[WhiteClock "0:00:37"]
[BlackClock "0:00:07"]

1. b3 e5 2. Bb2 Nc6 3. e3 d5 4. Nf3 Bd6 5. d4 e4 6. Nfd2 Qg5 7. c4 Nf6 8. cxd5 Qxd5 9. Nc3 Qf5 10. Qb1 O-O 11. Ndxe4 Bb4 12. Nxf6+ Qxf6 13. Bd3 h6 14. O-O Qh4 15. g3 Qh3 16. Be4 f5 17. Bg2 Qh5 18. Nd5 Bd6 19. Qd3 Be6 20. Nf4 Bxf4 21. exf4 Rad8 22. Qb5 Nxd4 23. Bxd4 Rxd4 24. Qxb7 Rfd8 25. Rac1 Bd5 26. Bxd5+ R8xd5 27. Rxc7 Qg6 28. Qxa7 1-0


[Site "https://www.chess.com"]

[Event "Titled Tuesday Blitz April 12 Early 2022"]
[White "Grischuk, Alexander"]
[Black "Hess, Robert"]
[WhiteFideId "4126025"]
[BlackFideId "2022036"]
[WhiteElo "2762"]
[BlackElo "2557"]
[Result "1-0"]
[Round "03"]
[TimeControl "180+1"]
[Date "2022.04.12"]
[WhiteClock "0:00:04"]
[BlackClock "0:00:01"]

1. d4 g6 2. e4 Bg7 3. Nf3 a6 4. Bd3 d6 5. O-O e6 6. Re1 Ne7 7. Nbd2 Nd7 8. Nf1 h6 9. Ng3 b6 10. Be3 Bb7 11. Qd2 e5 12. c3 c5 13. a4 Qc7 14. h3 h5 15. Rac1 Nc6 16. b4 Rc8 17. Bb1 exd4 18. cxd4 Nxb4 19. Nh4 Kf8 20. f4 Qd8 21. Nf3 h4 22. Nf1 Nf6 23. Qf2 Bxe4 24. Red1 Bxb1 25. Rxb1 Ne4 26. Qe1 Qe7 27. Bf2 Re8 28. Bxh4 Bf6 29. Bf2 Nc2 30. Qe2 Nxf2 31. Qxf2 Nxd4 32. Rxb6 Qe2 33. Qxe2 Nxe2+ 34. Kh1 Nxf4 35. Rbxd6 Be7 36. Rxa6 c4 37. Rc6 Nd3 38. Rd2 Rd8 39. Rxc4 Kg7 40. Rd4 Rxd4 41. Nxd4 Nc5 42. Nc6 Bf6 43. Ra2 Ra8 44. a5 Ne4 45. Ne3 Nc3 46. Ra3 Nb5 47. Rb3 Nd4 48. Nxd4 Bxd4 49. Nc4 Rc8 50. Rb4 Rc6 51. Ra4 g5 52. g4 Ra6 53. Kg2 Bc3 54. Kf3 Re6 55. a6 Rf6+ 56. Ke4 Rf4+ 57. Kd3 Rf3+ 58. Ke2 1-0


[Site "https://www.chess.com"]

[Event "Titled Tuesday Blitz April 12 Early 2022"]
[White "Hansen, Eric"]
[Black "Potapova, Margarita"]
[WhiteFideId "2606771"]
[BlackFideId "14126869"]
[WhiteElo "2568"]
[BlackElo "2216"]
[Result "1-0"]
[Round "03"]
[TimeControl "180+1"]
[Date "2022.04.13"]
[WhiteClock "0:00:03"]
[BlackClock "0:00:06"]

1. e4 c5 2. Nf3 d6 3. Bb5+ Nd7 4. c3 Nf6 5. Qe2 a6 6. Ba4 b5 7. Bc2 Bb7 8. O-O e6 9. d4 Qc7 10. Bd3 Be7 11. Re1 e5 12. d5 c4 13. Bc2 O-O 14. b3 Nb6 15. h3 Nfd7 16. Be3 g6 17. Na3 cxb3 18. Bxb3 Nc5 19. Nd2 Bc8 20. Bh6 Re8 21. Qe3 Nca4 22. c4 b4 23. Nc2 a5 24. f4 Bf6 25. Kh1 Qc5 26. Qf3 Nc3 27. Rf1 Ra7 28. a3 exf4 29. axb4 Qc7 30. Bxf4 axb4 31. c5 Rxa1 32. Rxa1 Nd7 33. Bxd6 Qd8 34. Rf1 Ba6 35. Rf2 Kg7 36. Nxb4 Bb5 37. Nc6 Bxc6 38. dxc6 Ne5 39. Qxc3 Ng4 40. Rxf6 Nxf6 41. e5 Nh5 42. e6+ f6 43. c7 Qa8 44. Qf3 Qa1+ 45. Kh2 Qd4 46. Qb7 Nf4 47. c8=Q+ Kh6 48. Qxe8 Ne2 49. Qf8+ Kg5 50. Nf3+ 1-0


[Site "https://www.chess.com"]

[Event "Titled Tuesday Blitz April 12 Early 2022"]
[White "Harshavardhan G B"]
[Black "Ianov, Viktor"]
[WhiteFideId "25059009"]
[BlackFideId "14102730"]
[WhiteElo "1831"]
[BlackElo "2161"]
[Result "1-0"]
[Round "03"]
[TimeControl "180+1"]
[Date "2022.04.13"]
[WhiteClock "0:00:13"]
[BlackClock "0:00:24"]

1. e4 d6 2. d4 Nf6 3. Nc3 c6 4. Nf3 Bg4 5. h3 Bh5 6. Bg5 Nbd7 7. Bc4 b5 8. Bb3 b4 9. Ne2 Nxe4 10. Be3 Bxf3 11. gxf3 Nef6 12. Qd2 a5 13. a4 d5 14. O-O-O e6 15. Ng3 g6 16. h4 h5 17. Kb1 Bd6 18. Bg5 Qc7 19. c4 Kf8 20. c5 Be7 21. Bc2 Re8 22. f4 Ng4 23. Rde1 Ndf6 24. f5 exf5 25. Bf4 Qd7 26. f3 Kg7 27. fxg4 Nxg4 28. Re2 Bf6 29. Bg5 Rxe2 30. Nxe2 Re8 31. Bxf6+ Nxf6 32. Rg1 Ng4 33. Ng3 Qe7 34. Bxf5 Qxh4 35. Bd7 Re3 36. Qg2 Rd3 37. Bxc6 Rxd4 38. Bd7 b3 39. c6 Rc4 40. Qxd5 Rc2 41. Qd4+ Qf6 42. Qxf6+ Nxf6 43. Nf1 Kf8 44. Ne3 Rc5 45. Rc1 Rxc1+ 46. Kxc1 Nxd7 47. cxd7 Ke7 48. Nc4 Kxd7 49. Kd2 h4 50. Ke2 g5 51. Nxa5 f5 52. Nxb3 g4 53. Nd4 f4 54. Kf2 h3 55. Ne2 g3+ 56. Nxg3 fxg3+ 57. Kxg3 Kc6 58. Kxh3 Kb6 59. b4 Kc6 60. Kg4 Kd5 61. a5 Kc6 62. Kf5 Kb5 63. Ke5 1-0


[Site "https://www.chess.com"]

[Event "Titled Tuesday Blitz April 12 Early 2022"]
[White "Hasangatin, Ramil"]
[Black "Krutko, Anatoly"]
[WhiteFideId "4122160"]
[BlackFideId "4185862"]
[WhiteElo "2375"]
[BlackElo "2378"]
[Result "1-0"]
[Round "03"]
[TimeControl "180+1"]
[Date "2022.04.13"]
[WhiteClock "0:00:22"]
[BlackClock "0:00:13"]

1. e4 e6 2. d3 e5 3. Nf3 Nc6 4. c3 Nf6 5. Nbd2 a5 6. g3 Bc5 7. Bg2 O-O 8. O-O d6 9. b3 Bg4 10. Bb2 Qd7 11. Qe2 Bh3 12. Rad1 Bxg2 13. Kxg2 d5 14. Nh4 Ne7 15. d4 Bd6 16. c4 Nxe4 17. Nxe4 dxe4 18. dxe5 Qc6 19. exd6 cxd6 20. Kg1 f5 21. Ng2 Ng6 22. Nf4 Nxf4 23. gxf4 Rad8 24. Rd5 Rf7 25. Kh1 b5 26. Rxb5 d5 27. Rxd5 Rxd5 28. cxd5 Qxd5 29. Rd1 Qa8 30. Qe3 h6 31. Kg2 Kh7 32. Rd6 Re7 33. h3 a4 34. Kh2 axb3 35. axb3 Qa2 36. Be5 Qc2 37. Qg3 g5 38. Rf6 e3 39. Qxe3 gxf4 40. Qb6 Rxe5 41. Rxh6+ Kg8 42. Qg6+ Kf8 43. Qf6+ Kg8 44. Rh8# 1-0


[Site "https://www.chess.com"]

[Event "Titled Tuesday Blitz April 12 Early 2022"]
[White "Hoffmann, Asa"]
[Black "Sztokbant, Bernardo Vainzoff"]
[WhiteFideId "2001470"]
[BlackFideId "2115956"]
[WhiteElo "2117"]
[BlackElo "2225"]
[Result "0-1"]
[Round "03"]
[TimeControl "180+1"]
[Date "2022.04.13"]
[WhiteClock "0:00:17"]
[BlackClock "0:00:04"]

1. d4 d5 2. Bg5 c6 3. e3 Bf5 4. Bd3 Bxd3 5. Qxd3 Nd7 6. f4 g6 7. Nd2 Bg7 8. Ngf3 Nh6 9. O-O-O f6 10. Bh4 Nf7 11. e4 dxe4 12. Nxe4 Qa5 13. Kb1 O-O-O 14. Qb3 Nd6 15. Nc3 Nb6 16. Rhe1 Rd7 17. Qe6 Qf5 18. Qxf5 Nxf5 19. Bf2 h5 20. g3 Rhd8 21. h3 Bh6 22. g4 Nd6 23. g5 Bf8 24. Re6 Bg7 25. Rde1 Nf5 26. a4 Nc4 27. Ne4 fxg5 28. Nexg5 Bf6 29. c3 Rd6 30. Ne5 Bxg5 31. Rxd6 exd6 32. Nf7 Bxf4 33. Nxd8 Kxd8 34. Kc2 Kd7 35. Rg1 g5 36. b3 Nce3+ 37. Kd3 d5 38. c4 Ke6 39. Re1 Kf6 40. Rg1 g4 41. hxg4 hxg4 42. b4 dxc4+ 43. Ke4 Bg5 44. b5 cxb5 45. axb5 Nd6# 0-1


[Site "https://www.chess.com"]

[Event "Titled Tuesday Blitz April 12 Early 2022"]
[White "Hua, Lefong"]
[Black "Kamsky, Gata"]
[WhiteFideId "2602253"]
[BlackFideId "2000024"]
[WhiteElo "2590"]
[BlackElo "2645"]
[Result "1/2-1/2"]
[Round "03"]
[TimeControl "180+1"]
[Date "2022.04.13"]
[WhiteClock "0:00:36"]
[BlackClock "0:00:17"]

1. d4 d5 2. c4 c6 3. Nf3 Nf6 4. Nc3 a6 5. c5 g6 6. h3 Bg7 7. Bf4 O-O 8. e3 Bf5 9. Bd3 Bxd3 10. Qxd3 Nbd7 11. O-O Ne8 12. b4 Nc7 13. Bh2 Re8 14. Rad1 e5 15. dxe5 Nxe5 16. Nxe5 Bxe5 17. Bxe5 Rxe5 18. e4 Qe8 19. exd5 Nxd5 20. Nxd5 Rxd5 21. Qf3 Rad8 22. Rxd5 Rxd5 23. Rd1 Rxd1+ 24. Qxd1 Qe6 25. Qd8+ Kg7 26. Qd4+ Qf6 27. Qc4 g5 28. g3 h6 29. Kg2 Qe5 30. a4 Kf6 31. Qg4 Qd5+ 32. Kh2 Kg7 33. a5 f5 34. Qe2 Qe4 35. Qb2+ Kg6 36. Qc3 f4 37. gxf4 Qxf4+ 38. Kg2 Qe4+ 39. Kh2 Qf4+ 40. Kg2 Qe4+ 41. Kh2 Qf4+ 1/2-1/2


[Site "https://www.chess.com"]